cohdb
Replays
Latest Replays
All Replays
Popular Replays
Top Player Replays
Match Explorer
How It Works
Community
CoH3 Stats
Reddit
Sign in to upload your games and track your stats! →
Sign in with Steam
Match 41475944
Unlisted
Match 41475944
Overview
Messages
Build Orders
End
Panzergrenadier Squad
Selects Panzerjäger Kommand Battlegroup
Selects Mine Fields
Panzergrenadier Squad
Panzerpioneer Squad
Construct Light Support Kompanie
Fire Support Elements
le.IG 18 Support Gun Team
Panzerjäger Squad
Selects Tank Busters
Panzerjäger Mechanized Group
2.5-tonne Medical Truck
Selects Crew Shock Tactics
Combat Half-tracks
Panzerjäger Squad
Construct Panzerarmee Kommand
Walking Stuka Rocket Launcher
Veteran Squad Leaders
Panzer III L Medium Tank
Selects Defensive Positions
Vehicle Survival Package
Assault Grenadier Squad
Armored Reserves
Selects Defensive Positions
Selects Elefant Tank Destroyer
Elefant Tank Destroyer
Panzergrenadier Squad
Walking Stuka Rocket Launcher
Assault Grenadier Squad
MG34 Team
Assault Grenadier Squad
ManFrau
ComradeIgor
Itaca
city8350
Dadical
shiki38
0
0
Comments
sign in to comment!
No comments posted yet!